 Dungeon Crawl Stone Soup version bcrawl-1.13.2 (webtiles) character file.

Game seed: 3492224452771811921

65 Heliosone the Magician (level 4, 0/33 HPs)
             Began as an Oni Earth Elementalist on Aug 9, 2019.
             Slain by a hobgoblin
             ... wielding a +0 club
              (3 damage)
             ... on level 2 of the Dungeon.
             The game lasted 00:03:56 (1276 turns).

Heliosone the Magician (Oni Earth Elementalist)     Turns: 1276, Time: 00:03:57

Health: 0/33       AC:  2    Str: 11    XL:     4   Next: 14%
Magic:  4/10       EV: 12    Int: 18    God:
Gold:   39         SH:  0    Dex: 11    Spells: 8/9 levels left

rFire    . . .     SeeInvis .   j - +0 mace
rCold    . . .     Gourm    .   (no shield)
rNeg     . . .     Faith    .   c - +0 animal skin
rPois    .         Spirit   .   (helmet restricted)
rElec    .         Reflect  .   (no cloak)
rCorr    .         Harm     .   (no gloves)
MR       .....                  (no boots)
Stlth    ++........             (no amulet)
HPRegen  0.11/turn              (no ring)
MPRegen  0.12/turn              (no ring)

@: very slightly contaminated
A: oni magic, claws 1, fangs 1, horns 1
a: no special abilities


You were on level 2 of the Dungeon.
You were hungry.

You visited 1 branch of the dungeon, and saw 2 of its levels.

You collected 39 gold pieces.

Inventory:

Hand Weapons
 j - a +0 mace (weapon)
Missiles
 b - 300 stones (quivered)
Armour
 c - a +0 animal skin (worn)
Scrolls
 e - 2 scrolls of remove curse {unknown}
 f - a scroll of amnesia {unknown}
 h - a scroll of enchant weapon {unknown}
 i - 2 scrolls of immolation {unknown}
 l - a scroll of fear {unknown}
 n - a scroll of identify {unknown}
Potions
 a - a potion of flight {unknown}
 g - a potion of berserk rage {unknown}
Books
 m - a book of Changes
Comestibles
 d - 2 rations {!d}
 k - 4 chunks of flesh


   Skills:
 - Level 1.7 Dodging
 - Level 1.7 Stealth
 + Level 3.0 Spellcasting


You had 8 spell levels left.
You knew the following spells:

 Your Spells              Type           Power        Failure   Level  Hunger
a - Sandblast             Erth           ###...       4%          1    None

Your spell library contained the following spells:

 Spells                   Type           Power        Failure   Level  Hunger
 Pain                     Necr           ###.         4%          1    None
 Passwall                 Tmut/Erth      ##......     7%          2    ##.....
 Swiftness                Chrm/Air       ##......     7%          2    ##.....
 Stone Arrow              Conj/Erth      ##....       14%         3    ###....
 Petrify                  Tmut/Erth      ##......     43%         4    ####...
 Lee's Rapid Deconstruct  Erth           ###.......   73%         5    ######.


Dungeon Overview and Level Annotations

Branches:
Dungeon (2/12)

Altars:


Innate Abilities, Weirdness & Mutations

You learn spells by gaining experience, not through books or religion.
You only train spellcasting to practice magic.
You have sharp fingernails.
You have very sharp teeth.
You have a pair of small horns on your head.


Message History

You have reached level 4!
You feel clever.
You have discovered the spell Swiftness.
b - 300 stones
Casting: Sandblast (safe; 4% risk of failure)
Confirm with . or Enter, or press ? or * to list all spells.
You can't see any susceptible monsters within range! (Use Z to cast anyway.) Unknown command.
You closely miss something. Your headbutt misses something. Something hits you.
* * * LOW HITPOINT WARNING * * *
Something hits you.
* * * LOW HITPOINT WARNING * * *
You barely miss something. You headbutt something!
Something hits you but does no damage. x2
You miss something. Something hits you.
* * * LOW HITPOINT WARNING * * *
The orc priest hits you from afar with a +0 trident.
* * * LOW HITPOINT WARNING * * *
Something hits you but does no damage. The hobgoblin hits you with a +0 club.
You die...

..###.####.####.#)#
###.....##........#
#.....##........#
###...............#
..................#
........###.......#
.....)............##
.......
................g{o#
.......
.....######.....@#.#
....... .....#
########g##.......
######
#.....#......w
#.....#.......
#.....#.......
#.............
#....{o.......
#.............
#.......##.###


You could see an orc priest and a hobgoblin.

Vanquished Creatures
  A hound (D:2)
  A worm (D:2)
  3 dart slugs
  A bat (D:1)
  2 giant cockroaches
  5 goblins (D:1)
  2 hobgoblins
  3 frilled lizards
  5 kobolds
  3 rats (D:1)
26 creatures vanquished.

Notes
Turn   | Place    | Note
-------+----------+-------------------------------------------
     0 | D:1      | Heliosone the Oni Earth Elementalist began the quest for
                  | the Orb.
     0 | D:1      | Reached XP level 1. HP: 14/14 MP: 4/4
   223 | D:1      | Reached XP level 2. HP: 20/20 MP: 2/6
   276 | D:1      | Reached skill level 2 in Spellcasting
   785 | D:1      | Reached XP level 3. HP: 24/26 MP: 3/8
  1273 | D:2      | Reached skill level 3 in Spellcasting
  1273 | D:2      | Reached XP level 4. HP: 13/33 MP: 4/10
  1276 | D:2      | Slain by a hobgoblin

Skill      XL: |  1  2  3 |
---------------+----------+-----
Spellcasting   | 2 3 |  3.0
Dodging        | |  1.7
Stealth        | |  1.7

Action                   |  1- 3 |  4- 6 || total
-------------------------+-------+-------++-------
Melee: Mace              |     4 |     3 ||     7
       Headbutt          |     1 |     1 ||     2
 Cast: Sandblast         |    41 |     1 ||    42
  Eat: Chunk             |     1 |       ||     1
Armor: Animal skin       |     6 |       ||     6
Dodge: Dodged            |    12 |       ||    12
